 Dungeon Crawl Stone Soup version 0.18-a0-1157-g59db91b (webtiles) character file.

71 M4edhros the Charlatan (level 4, -5/28 HPs)
             Began as an Octopode Artificer on Jan 24, 2016.
             Slain by an orc
             ... wielding a +0 war axe
              (12 damage)
             ... on level 3 of the Dungeon.
             The game lasted 00:01:29 (1328 turns).

M4edhros the Charlatan (Octopode Artificer)         Turns: 1328, Time: 00:01:29

Health: -5/28      AC:  1    Str: 10    XL:     4   Next: 24%
Magic:  6/6        EV: 13    Int: 15    God:
Gold:   93         SH:  0    Dex: 12    Spells: 0 memorised, 3 levels left

rFire  . . .     SeeInvis .     a - +0 short sword
rCold  . . .     Gourm    .     (no shield)
rNeg   . . .     Faith    .     (helmet restricted)
rPois  .         Spirit   .     (no amulet)
rElec  .         Dismiss  .     n - ring of sustain attributes
rCorr  .         Reflect  .     (no ring)
SustAt +         Harm     .     (no ring)
MR     .....                    (no ring)
Stlth  +++.......               (no ring)
                                (no ring)
                                (no ring)
                                (no ring)

@: not resistant to hostile enchantments, fairly stealthy
A: almost no armour, amphibious, 8 rings, constrict 8, camouflage 1, gelatinous
body 1
a: no special abilities


You were on level 3 of the Dungeon.
You were very hungry.

You visited 1 branch of the dungeon, and saw 3 of its levels.

You collected 93 gold pieces.

Inventory:

Hand Weapons
 a - a +0 short sword (weapon)
 v - a +0 blowgun
Missiles
 q - 54 stones (quivered)
 w - 20 poisoned needles
Jewellery
 n - a ring of sustain attributes (left tentacle)
Wands
 b - a wand of flame (14/48)
 c - a wand of enslavement (15/24)
 d - a wand of random effects (15/48)
Scrolls
 g - a scroll of identify {unknown}
 h - 6 scrolls of teleportation {unknown}
 k - a scroll of random uselessness {unknown}
 s - a scroll of blinking {unknown}
 t - a scroll of recharging {unknown}
 u - a scroll of magic mapping {unknown}
 x - a scroll of remove curse {unknown}
Potions
 e - a potion of heal wounds {unknown}
 i - a potion of resistance {unknown}
 l - 4 potions of curing {unknown}
 o - a potion of cancellation {unknown}
 p - a potion of invisibility {unknown}
 r - a potion of flight {unknown}
Comestibles
 f - 2 bread rations
 j - a slice of pizza
 m - a fruit


   Skills:
 - Level 1.0 Fighting
 - Level 1.0 Short Blades
 * Level 3.5 Dodging
 * Level 2.9 Stealth
 + Level 3.8 Evocations


You had 3 spell levels left.
You didn't know any spells.

Dungeon Overview and Level Annotations

Branches:
Dungeon (3/15)

Altars:


Innate Abilities, Weirdness & Mutations

You cannot wear most types of armour.
You are amphibious.
You can wear up to eight rings at the same time.
You can use your tentacles to constrict eight enemies at once.
Your skin changes colour to match your surroundings (Stealth).
Your rubbery body absorbs attacks (AC +1).


Message History

The orc barely misses you.
You hit the orc.
The orc is heavily wounded.
You constrict the orc.
The orc hits you with a falchion of holy wrath.
You hit the orc. You grab the orc. You squeeze the orc.
You kill the orc!
You constrict the orc.
You kill the orc!
The orc hits you with a war axe!
* * * LOW HITPOINT WARNING * * *
Evoke which item? (* to show all) (? for menu, Esc to quit)
Zapping:
b - a wand of flame (15/48)
Press: ? - help, Shift-Dir - straight line, f - orc
Aim: an orc, wielding a war axe The puff of flame misses the orc.
This wand has 14 charges left.
A shaft opens up in the floor!
A falchion of holy wrath falls through the shaft.
The orc hits you with a war axe!
You die...

#...)..# #.#
##.#############.# #.#
.........# #.# ......[..#
#.# .........# #.#
#######..# # #.#
####.....##.# #.#
............# #.#
####...@.#### #.#
#..o^).....[ #.#
#.....#######.#.# #.#
#.....# .....# #.# #.....#
.....# #.# #.....# .....#
#.# #############.....#
#.# #....##)..[.#.....#
#.######....##.###.#.....#


You could see an orc.

Vanquished Creatures
  An adder (D:2)
  An ooze (D:1)
  A worm (D:2)
  A giant gecko (D:1)
  5 orcs (D:3)
  2 giant cockroaches
  6 goblins
  6 hobgoblins
  5 jackals
  6 kobolds
  5 bats
  A giant newt (D:3)
  5 rats
45 creatures vanquished.

Notes
Turn   | Place    | Note
--------------------------------------------------------------
     0 | D:1      | M4edhros the Octopode Artificer began the quest for the Orb.
     0 | D:1      | Reached XP level 1. HP: 13/13 MP: 3/3
   247 | D:1      | Reached XP level 2. HP: 16/18 MP: 4/4
   622 | D:2      | Reached XP level 3. HP: 23/23 MP: 5/5
  1139 | D:3      | Reached XP level 4. HP: 28/28 MP: 6/6
  1328 | D:3      | Slain by an orc

Vault maps used:
D:1:      minmay_arrival_three_doors
D:3:      first_bread

Action                   |  1- 3 |  4- 6 || total
-------------------------+-------+-------++-------
Melee: Short sword       |    82 |    18 ||   100
Evoke: Wand              |       |     1 ||     1
 Stab: Sleeping          |    10 |     2 ||    12
